 Dungeon Crawl Stone Soup version 0.29-a0-323-g050149af67 (webtiles) character file.

Game seed: 1114544288752657319

98 Jortsu the Chopper (level 4, 0/40 HPs)
             Began as a Hill Orc Fighter on Apr 10, 2022.
             Slain by a gnoll
             ... wielding a +0 halberd
              (2 damage)
             ... on level 3 of the Dungeon.
             The game lasted 00:03:42 (2198 turns).

Jortsu the Chopper (Hill Orc Fighter)               Turns: 2198, Time: 00:03:43

Health: 0/40       AC:  7    Str: 20    XL:     4   Next: 69%
Magic:  4/4        EV:  9    Int:  8    God:
Gold:   168        SH:  4    Dex: 10    Spells: 3/3 levels left

rFire   . . .      SeeInvis .   a - +0 war axe
rCold   . . .      Faith    .   c - +0 buckler
rNeg    . . .      Spirit   .   b - +0 scale mail
rPois   .          Reflect  .   (no helmet)
rElec   .          Harm     .   (no cloak)
rCorr   .          Rampage  .   (no gloves)
Will    .....                   (no boots)
Stlth   ..........              (no amulet)
HPRegen 0.13/turn               (no ring)
MPRegen 0.09/turn               (no ring)

@: no status effects
A: no striking features
a: no special abilities


You were on level 3 of the Dungeon.
You visited 1 branch of the dungeon, and saw 3 of its levels.

You collected 240 gold pieces.
You spent 72 gold pieces at shops.

Inventory:

Hand Weapons
 a - a +0 war axe (weapon)
Armour
 b - a +0 scale mail (worn)
 c - a +0 buckler (worn)
Scrolls
 e - a scroll of enchant weapon
 k - 2 scrolls of teleportation
Potions
 d - a potion of might
 f - a potion of lignification
 g - 4 potions of curing
 h - a potion of mutation {unknown}
 i - a potion of attraction
 j - a potion of magic
 m - a potion of brilliance {unknown}
 o - a potion of experience {unknown}
 p - a potion of degeneration
 q - a potion of flight {unknown}


   Skills:
 + Level 4.2 Fighting
 + Level 4.2 Axes
 + Level 4.2 Armour
 + Level 0.9 Dodging
 + Level 3.5 Shields


You had 3 spell levels left.
You didn't know any spells.
Your spell library contained the following spells:

 Spells                   Type           Power      Damage    Failure   Level
 Apportation              Tloc           0%         N/A       85%         1
 Ozocubu's Armour         Ice            0%         N/A       99%         3
 Alistair's Intoxication  Tmut/Pois      0%         N/A       100%        5
 Metabolic Englaciation   Hex/Ice        0%         N/A       100%        5
 Simulacrum               Ice/Necr       0%         N/A       100%        6


Dungeon Overview and Level Annotations

Branches:
Dungeon (3/15)

Altars:

Shops:
D:1 ![:[?


Message History

You slash the gnoll!
The gnoll is almost dead.
The gnoll barely misses you.
You barely miss the gnoll.
The gnoll is almost dead.
You block the gnoll's attack.
You hit the gnoll.
You kill the gnoll!
The gnoll hits you with a +0 whip.
You slash the gnoll!
The gnoll is almost dead.
You block the gnoll's attack. The gnoll hits you with a +0 whip.
You barely miss the gnoll.
The gnoll is almost dead.
The gnoll barely misses you. The gnoll hits you but does no damage.
You hit the gnoll.
You kill the gnoll!
The gnoll hits you from afar with a +0 spear.
The gnoll hits you but does no damage.
Your Armour skill increases to level 4!
The gnoll hits you with a +0 spear.
The gnoll hits you from afar with a +0 halberd.
Items here: )) ††.
You hit the gnoll but do no damage. You block the gnoll's attack.
The gnoll hits you but does no damage.
You slash the gnoll!
The gnoll is severely wounded.
The gnoll hits you with a +0 spear.
The gnoll hits you from afar with a +0 halberd.
* * * LOW HITPOINT WARNING * * *
You hit the gnoll but do no damage.
The gnoll is severely wounded.
The gnoll barely misses you. The gnoll closely misses you.
You slash the gnoll!
You kill the gnoll!
You block the gnoll's attack.
The gnoll hits you from afar with a +0 halberd!
* * * LOW HITPOINT WARNING * * *
The gnoll hits you with a +0 halberd.
You die...

#.# ##....
#.# ##...
###.####.#
##..
#........#
#..
#.#.######
#.. #.#.#
#.. #.#.#
#.. #)#.#
#.# #@#.#
#. #g#.#
#. #B#.#
#.# #.(
... ###


You could see a gnoll and a giant cockroach.

Vanquished Creatures
  An adder (D:2)
  3 gnolls (D:3)
  2 dart slugs (D:1)
  4 bats
  4 endoplasms
  2 giant cockroaches (D:1)
  8 goblins
  5 hobgoblins
  4 jackals (D:2)
  5 ball pythons
  8 frilled lizards
  3 kobolds
  5 rats
54 creatures vanquished.

Notes
Turn   | Place    | Note
-------+----------+-------------------------------------------
     0 | D:1      | Jortsu the Hill Orc Fighter began the quest for the Orb.
     0 | D:1      | Reached XP level 1. HP: 19/19 MP: 1/1
    32 | D:1      | Found a faded altar of an unknown god.
   160 | D:1      | Reached XP level 2. HP: 20/27 MP: 2/2
   262 | D:1      | Found Miggaw's Distillery.
   360 | D:1      | Found Voeleily's Book Shoppe.
   408 | D:1      | Found Daotenit's Antique Armour Emporium.
   455 | D:1      | Found Yloroef's Antique Armour Boutique.
   636 | D:1      | Reached XP level 3. HP: 33/33 MP: 3/3
   727 | D:1      | Found Ecylih's Magic Scroll Emporium.
   736 | D:1      | Bought a scroll of identify for 24 gold pieces
   736 | D:1      | Bought a scroll of identify for 24 gold pieces
   736 | D:1      | Bought a scroll of identify for 24 gold pieces
  1511 | D:2      | Reached XP level 4. HP: 40/40 MP: 4/4
  2197 | D:3      | HP: 2/40 [gnoll/+0 halberd (10)]
  2198 | D:3      | Slain by a gnoll

Illustrated notes

Levels and vault maps discovered:
D:1:      tarquinn_simple_flora_water_c, layout_loops_ring,
          dreamdust_ecumenical_altar_angels_and_demons, serial_shops,
          shop_coins, nicolae_shop_waterfront, nicolae_shop_statue_plus,
          nicolae_shop_statue_plus, shop, hangedman_glass_teeth, minmay_bisected
D:2:      layout_basic
D:3:      layout_loops_ring, fedhas_altar_3, lemuel_doored_altar,
          mainiacjoe_overflow_surrounded_room

Skill      XL: |  1  2  3  4 |
---------------+-------------+-----
Fighting       | 4 |  4.2
Axes           | 3 4 |  4.2
Armour         | 4 |  4.2
Dodging        | |  0.9
Shields        | |  3.5

Action                   |  1- 3 |  4- 6 || total
-------------------------+-------+-------++-------
Melee: War axe           |   100 |    81 ||   181
  Use: Scroll            |     7 |     3 ||    10
Armor: Scale mail        |    48 |    49 ||    97
Dodge: Dodged            |    40 |    54 ||    94
Block: Buckler           |    18 |    32 ||    50

Table legend: (Time is in decaauts)
 A = Elapsed time spent in this place.
 B = Non-inter-level travel time spent in this place.
 C = Inter-level travel time spent in this place.
 D = Time resting spent in this place.
 E = Time spent auto-exploring this place.
 F = Levels seen in this place.
 G = Mean time per level.
                   A        B        C        D        E       F      G
               +--------+--------+--------+--------+--------+-----+--------+
         Total |   2263 |   2225 |     38 |    283 |   1363 |   3 |  754.3 |
       Dungeon |   2263 |   2225 |     38 |    283 |   1363 |   3 |  754.3 |
               +--------+--------+--------+--------+--------+-----+--------+

Top non-repeatable levels by time:
     D:2: 1022 daAuts
     D:1: 999 daAuts
     D:3: 242 daAuts
